 Dungeon Crawl Stone Soup version 0.30-a0-174-gbc10bd73c2 (webtiles) character file.

Game seed: 853165355592413041

1806 qw the Chopper (level 9, -3/54 HPs)
             Began as a Gargoyle Fighter on Oct 1, 2022.
             Was an Initiate of Okawaru.
             Slain by Duvessa
             ... wielding a +0 short sword
              (14 damage)
             ... on level 7 of the Dungeon.
             The game lasted 00:03:04 (4619 turns).

qw the Chopper (Gargoyle Fighter)                   Turns: 4619, Time: 00:03:05

Health: -3/54      AC: 21    Str: 23    XL:     9   Next: 9%
Magic:  9/9        EV:  9    Int:  8    God:    Okawaru [......]
Gold:   64         SH: 10    Dex: 13    Spells: 8/8 levels left

rFire   . . .      SeeInvis .    Y - +1 war axe (freeze)
rCold   + . .      Faith    .    h - +0 kite shield
rNeg    + . .      Spirit   .    a - +0 plate armour
rPois   inf        Reflect  .    i - +0 helmet
rElec   +          Harm     .    (no cloak)
rCorr   .          Rampage  .    (no gloves)
Will    +....                    (no boots)
Stlth   ..........               (no amulet)
HPRegen 0.29/turn                g - +4 ring of evasion
MPRegen 0.11/turn                c - ring of willpower

@: about to teleport
A: sickness immunity, AC +6, negative energy resistance 1, electricity
resistance, torment resistance 1, petrification resistance, claws 1, iridescent
scales 1, agile 1, cold resistance 1
a: Renounce Religion


You were on level 7 of the Dungeon.
You worshipped Okawaru.
Okawaru was noncommittal.
You visited 2 branches of the dungeon, and saw 8 of its levels.

You collected 292 gold pieces.
You spent 228 gold pieces at shops.


Innate Abilities, Weirdness & Mutations

You are immune to sickness and miasma.
Your stone body is resilient. (AC +6)
You are immune to poison.
You resist negative energy. (rN+)
You are resistant to electric shocks. (rElec)
You are resistant to unholy torment.
You are immune to petrification.
You have sharp fingernails.
You are partially covered in iridescent scales. (AC +2)
You are agile. (Dex +4, Str/Int -1)
Your flesh is cold resistant. (rC+)


   Skills:
 - Level 5.0 Fighting
 + Level 7.8 Axes
 - Level 1.4 Throwing
 - Level 4.2 Armour
 - Level 1.9 Dodging
 - Level 7.1 Shields


You had 8 spell levels left.
You didn't know any spells.
Your spell library was empty.

Inventory:

Hand Weapons
 b - a +0 flail
 Y - a +1 war axe of freezing (weapon)
Missiles
 p - 3 boomerangs (quivered)
Armour
 a - a +0 plate armour (worn)
 h - a +0 kite shield (worn)
 i - a +0 helmet (worn)
Jewellery
 c - a ring of willpower (right claw)
 g - a +4 ring of evasion (left claw)
Scrolls
 k - a scroll of identify
Potions
 d - 2 potions of might
 e - 2 potions of mutation
 f - 2 potions of attraction
 l - 2 potions of curing
 r - 2 potions of haste

Dungeon Overview and Level Annotations

Branches:
Dungeon (7/15)             Temple (1/1) D:6

Altars:
Ashenzari
Cheibriados
Dithmenos
Elyvilon
Gozag
Hepliaklqana
Kikubaaqudgha
Makhleb
Okawaru
Qazlal
Sif Muna
Trog
Uskayaw
Vehumet
Wu Jian
Xom
Yredelemnul
Zin
The Shining One

Shops:
D:5 [:?:

Annotations:
D:4 2 transporters
D:5 2 transporters, qw's ghost, amateur GrFi
D:6 2 transporters, qw's ghost, novice GrFi
D:7 Duvessa


Message History

The puff of frost hits you. You resist. The hound bites you.
Duvessa completely misses you. Dowan gestures at you while chanting.
You resist with almost no effort.
You slash Dowan! You freeze Dowan.
You kill Dowan!
Okawaru accepts your kill.
Duvessa weeps, and shakes her weapon.
Duvessa goes berserk!
You hit Duvessa but do no damage. You slash the hound! You freeze the hound.
You block the hound's attack. Duvessa hits you with a +0 short sword!
The hound bites you but does no damage. Duvessa hits you but does no damage.
You hit the hound. You freeze the hound.
The hound is almost dead.
You hit Duvessa but do no damage. You block the hound's attack.
You block Duvessa's attack. The hound bites you but does no damage.
Duvessa hits you with a +0 short sword.
You slash the hound! You freeze the hound.
You kill the hound!
Okawaru accepts your kill.
You hit Duvessa. You freeze Duvessa. You block Duvessa's attack.
You hit Duvessa. You freeze Duvessa.
Duvessa is lightly wounded.
Duvessa hits you with a +0 short sword! You block Duvessa's attack.
You slash Duvessa! You freeze Duvessa.
Duvessa is moderately wounded.
Duvessa hits you but does no damage. Duvessa barely misses you.
Duvessa hits you with a +0 short sword.
You slash Duvessa! You freeze Duvessa.
Duvessa is heavily wounded.
Duvessa barely misses you.
You hit Duvessa. You freeze Duvessa.
Duvessa is severely wounded.
Duvessa hits you with a +0 short sword! You block Duvessa's attack.
4619 ||| READING scroll of teleportation.
As you read the scroll of teleportation, it crumbles to dust.
You feel strangely unstable. Duvessa hits you with a +0 short sword!
You die...

........####.........
........#..'......... .
.......#.##.........
..#####....#.##.........
........................
...........#........#+##
...............#....#
#..............##.....
#......@###.....##....
#...#..)e.......# . +..
+............+ #
#.......###.##
#......... .#
####.....<. ..)#!#.
......


You could see Duvessa (berserk, fast).

Vanquished Creatures
  A sky beast (D:6)
  A black bear (D:6)
  An ice beast (D:6)
  An ogre (D:4)
  A centaur (D:7)
  A phantom (D:3)
  2 bullfrogs (D:7)
  A necrophage (D:5)
  A gnoll sergeant (D:5)
  A scorpion (D:6)
  3 wights (D:6)
  Dowan (D:7)
  2 howler monkeys
  3 hounds
  3 jellies
  3 orc priests
  2 iguanas (D:4)
  7 orc wizards
  4 adders
  4 gnolls
  A shadow imp (D:6)
  3 ufetubi
  3 dart slugs
  24 orcs
  9 ball pythons
  5 bats
  11 endoplasms
  4 giant cockroaches
  6 goblins
  6 hobgoblins
  9 quokkas
  5 frilled lizards
  4 kobolds
  6 rats
139 creatures vanquished.

Vanquished Creatures (others)
  26 plants
26 creatures vanquished.

Grand Total: 165 creatures vanquished

Notes
Turn   | Place    | Note
-------+----------+-------------------------------------------
     0 | D:1      | qw the Gargoyle Fighter began the quest for the Orb.
     0 | D:1      | Reached XP level 1. HP: 14/14 MP: 1/1
     0 | D:1      | 0 ||| qw: Version: 0.2-a-13-gfc7b4b4
     0 | D:1      | 0 ||| qw: Game counter: 1900
     0 | D:1      | 0 ||| qw: Always use a shield: true
     0 | D:1      | 0 ||| qw: God list: Okawaru
     0 | D:1      | 0 ||| qw: Allow faded altars: false
     0 | D:1      | 0 ||| qw: Do Orc after D:15 true
     0 | D:1      | 0 ||| qw: Do second Lair branch before Depths: true
     0 | D:1      | 0 ||| qw: Lair rune preference: random
     0 | D:1      | 0 ||| qw: Plans: Normal, Zot:1-4, God:TSO, Crypt, Tomb,
                  | Pan, Slime:5, Hells, Abyss, Orb
     0 | D:1      | 0 ||| PLANNING D:1-11
    27 | D:1      | Reached XP level 2. HP: 17/19 MP: 2/2
   100 | D:1      | Found a faded altar of an unknown god.
   216 | D:1      | 216 ||| Stepping ~*~*~tactically~*~*~ (stealth).
   218 | D:1      | 218 ||| Stepping ~*~*~tactically~*~*~ (stealth).
   266 | D:1      | Reached skill level 3 in Axes
   278 | D:1      | Reached XP level 3. HP: 23/23 MP: 3/3
   370 | D:1      | 370 ||| UPGRADING to +0 helmet.
   474 | D:1      | 474 ||| Stepping ~*~*~tactically~*~*~ (hiding).
   719 | D:1      | 719 ||| DROPPING +2 hat.
   720 | D:1      | 720 ||| UPGRADING to +4 ring of evasion.
   721 | D:1      | 721 ||| READING scroll labelled EHEUPLU RYBESK.
   737 | D:1      | 737 ||| READING scroll labelled GAESSA MAGY.
   738 | D:1      | 738 ||| READING 2 scrolls labelled GOHEEGE YDOXA.
   739 | D:1      | 739 ||| READING scroll labelled ELIRET GONKO.
   740 | D:1      | 740 ||| READING scroll labelled RUJEUGEAHI.
   741 | D:1      | 741 ||| READING scroll labelled USIUDEASYV.
   742 | D:1      | 742 ||| READING scroll labelled ESTAKU WOSKYN.
   902 | D:2      | 902 ||| UPGRADING to +0 plate armour.
   903 | D:2      | 903 ||| UPGRADING to +0 plate armour.
   913 | D:2      | 913 ||| DROPPING +0 scale mail.
   914 | D:2      | 914 ||| READING 3 scrolls of identify.
   914 | D:2      | 914 ||| IDENTIFYING murky pink potion
   915 | D:2      | 915 ||| READING 2 scrolls of identify.
   915 | D:2      | 915 ||| IDENTIFYING sapphire potion
   916 | D:2      | 916 ||| Stepping randomly (stuck).
   917 | D:2      | 917 ||| Stepping randomly (stuck).
   918 | D:2      | 918 ||| Stepping randomly (stuck).
   919 | D:2      | 919 ||| Stepping randomly (stuck).
   920 | D:2      | 920 ||| Stepping randomly (stuck).
   921 | D:2      | 921 ||| Stepping randomly (stuck).
   922 | D:2      | 922 ||| Stepping randomly (stuck).
   924 | D:2      | 924 ||| Stepping randomly (stuck).
   926 | D:2      | 926 ||| Stepping randomly (stuck).
   927 | D:2      | 927 ||| Stepping randomly (stuck).
   928 | D:2      | 928 ||| Stepping randomly (stuck).
   929 | D:2      | 929 ||| Stepping randomly (stuck).
   930 | D:2      | 930 ||| Stepping randomly (stuck).
   931 | D:2      | 931 ||| Stepping randomly (stuck).
   932 | D:2      | 932 ||| Stepping randomly (stuck).
   933 | D:2      | 933 ||| Stepping randomly (stuck).
   981 | D:2      | Reached XP level 4. HP: 24/28 MP: 4/4
  1025 | D:2      | 1025 ||| Stepping randomly (stuck).
  1026 | D:2      | 1026 ||| Stepping randomly (stuck).
  1027 | D:2      | 1027 ||| Stepping randomly (stuck).
  1029 | D:2      | 1029 ||| Stepping randomly (stuck).
  1030 | D:2      | 1030 ||| Stepping randomly (stuck).
  1031 | D:2      | 1031 ||| Stepping randomly (stuck).
  1032 | D:2      | 1032 ||| Stepping randomly (stuck).
  1033 | D:2      | 1033 ||| Stepping randomly (stuck).
  1034 | D:2      | 1034 ||| Stepping randomly (stuck).
  1036 | D:2      | 1036 ||| Stepping randomly (stuck).
  1038 | D:2      | 1038 ||| Stepping randomly (stuck).
  1040 | D:2      | 1040 ||| Stepping randomly (stuck).
  1042 | D:2      | 1042 ||| Stepping randomly (stuck).
  1043 | D:2      | 1043 ||| Stepping randomly (stuck).
  1044 | D:2      | 1044 ||| Stepping randomly (stuck).
  1045 | D:2      | 1045 ||| Stepping randomly (stuck).
  1046 | D:2      | 1046 ||| Stepping randomly (stuck).
  1047 | D:2      | 1047 ||| Stepping randomly (stuck).
  1048 | D:2      | 1048 ||| Stepping randomly (stuck).
  1049 | D:2      | 1049 ||| Stepping randomly (stuck).
  1050 | D:2      | 1050 ||| Stepping randomly (stuck).
  1051 | D:2      | 1051 ||| Stepping randomly (stuck).
  1052 | D:2      | 1052 ||| Stepping randomly (stuck).
  1053 | D:2      | 1053 ||| Stepping randomly (stuck).
  1054 | D:2      | 1054 ||| Stepping randomly (stuck).
  1055 | D:2      | 1055 ||| Stepping randomly (stuck).
  1056 | D:2      | 1056 ||| Stepping randomly (stuck).
  1057 | D:2      | 1057 ||| Stepping randomly (stuck).
  1058 | D:2      | 1058 ||| Stepping randomly (stuck).
  1059 | D:2      | 1059 ||| Stepping randomly (stuck).
  1060 | D:2      | 1060 ||| Stepping randomly (stuck).
  1061 | D:2      | 1061 ||| Stepping randomly (stuck).
  1071 | D:2      | 1071 ||| Stepping randomly (stuck).
  1072 | D:2      | 1072 ||| Stepping randomly (stuck).
  1073 | D:2      | 1073 ||| Stepping randomly (stuck).
  1074 | D:2      | 1074 ||| Stepping randomly (stuck).
  1075 | D:2      | 1075 ||| Stepping randomly (stuck).
  1076 | D:2      | 1076 ||| Stepping randomly (stuck).
  1077 | D:2      | 1077 ||| Stepping randomly (stuck).
  1078 | D:2      | 1078 ||| Stepping randomly (stuck).
  1079 | D:2      | 1079 ||| Stepping randomly (stuck).
  1080 | D:2      | 1080 ||| Stepping randomly (stuck).
  1081 | D:2      | 1081 ||| Stepping randomly (stuck).
  1082 | D:2      | 1082 ||| Stepping randomly (stuck).
  1083 | D:2      | 1083 ||| Stepping randomly (stuck).
  1084 | D:2      | 1084 ||| Stepping randomly (stuck).
  1085 | D:2      | 1085 ||| Stepping randomly (stuck).
  1086 | D:2      | 1086 ||| Stepping randomly (stuck).
  1087 | D:2      | 1087 ||| Stepping randomly (stuck).
  1088 | D:2      | 1088 ||| Stepping randomly (stuck).
  1089 | D:2      | 1089 ||| Stepping randomly (stuck).
  1090 | D:2      | 1090 ||| Stepping randomly (stuck).
  1091 | D:2      | 1091 ||| Stepping randomly (stuck).
  1093 | D:2      | 1093 ||| Stepping randomly (stuck).
  1095 | D:2      | 1095 ||| Stepping randomly (stuck).
  1097 | D:2      | 1097 ||| Stepping randomly (stuck).
  1098 | D:2      | 1098 ||| Stepping randomly (stuck).
  1099 | D:2      | 1099 ||| Stepping randomly (stuck).
  1100 | D:2      | 1100 ||| Stepping randomly (stuck).
  1101 | D:2      | 1101 ||| Stepping randomly (stuck).
  1102 | D:2      | 1102 ||| Stepping randomly (stuck).
  1103 | D:2      | 1103 ||| Stepping randomly (stuck).
  1104 | D:2      | 1104 ||| Stepping randomly (stuck).
  1105 | D:2      | 1105 ||| Stepping randomly (stuck).
  1106 | D:2      | 1106 ||| Stepping randomly (stuck).
  1107 | D:2      | 1107 ||| Stepping randomly (stuck).
  1108 | D:2      | 1108 ||| Stepping randomly (stuck).
  1109 | D:2      | 1109 ||| Stepping randomly (stuck).
  1139 | D:2      | Reached XP level 5. HP: 22/32 MP: 5/5
  1374 | D:2      | 1374 ||| READING 2 scrolls of identify.
  1374 | D:2      | 1374 ||| IDENTIFYING pink potion
  1375 | D:2      | 1375 ||| DROPPING potion of brilliance.
  1408 | D:3      | 1408 ||| PLANNING SEWER
  1465 | D:3      | 1465 ||| Stepping ~*~*~tactically~*~*~ (stealth).
  1497 | D:3      | 1497 ||| Stepping ~*~*~tactically~*~*~ (stealth).
  1500 | D:3      | 1500 ||| Stepping ~*~*~tactically~*~*~ (stealth).
  1501 | D:3      | 1501 ||| Stepping ~*~*~tactically~*~*~ (stealth).
  1504 | D:3      | 1504 ||| Stepping ~*~*~tactically~*~*~ (stealth).
  1521 | D:3      | 1521 ||| Stepping ~*~*~tactically~*~*~ (hiding).
  1675 | D:3      | Found a glowing drain.
  1676 | D:3      | 1676 ||| READING 2 scrolls labelled QAGOEM SICVEY.
  1677 | D:3      | 1677 ||| READING scroll labelled IRRILEU OCWAQI.
  1680 | D:3      | 1680 ||| DRINKING 2 smoky inky potions.
  1680 | D:3      | Gained mutation: You are weak. (Str -2) [potion of
                  | mutation]
  1680 | D:3      | Gained mutation: You are frail. (-10% HP) [potion of
                  | mutation]
  1680 | D:3      | Gained mutation: You have sharp fingernails. [potion of
                  | mutation]
  1680 | D:3      | Gained mutation: You are partially covered in iridescent
                  | scales. (AC +2) [potion of mutation]
  1681 | D:3      | 1681 ||| DRINKING potion of mutation.
  1681 | D:3      | Lost mutation: You are frail. (-10% HP) [potion of
                  | mutation]
  1681 | D:3      | Lost mutation: You are weak. (Str -2) [potion of mutation]
  1681 | D:3      | Gained mutation: You are agile. (Dex +4, Str/Int -1)
                  | [potion of mutation]
  1681 | D:3      | Gained mutation: Your flesh is cold resistant. (rC+)
                  | [potion of mutation]
  1696 | D:3      | 1696 ||| DROPPING scroll of butterflies.
  1746 | D:3      | Noticed a phantom
  1760 | D:3      | Killed a phantom
  1761 | D:3      | Reached skill level 1 in Dodging
  1761 | D:3      | Reached XP level 6. HP: 37/37 MP: 6/6
  1899 | D:3      | 1899 ||| DROPPING +0 whip.
  1903 | D:3      | 1903 ||| READING 2 scrolls of identify.
  1903 | D:3      | 1903 ||| IDENTIFYING gluggy clear potion
  1988 | D:3      | 1988 ||| RIP SEWER
  2004 | D:3      | 2004 ||| PLANNING D:1-11
  2095 | D:4      | Found a transporter.
  2116 | D:4      | 2116 ||| Stepping ~*~*~tactically~*~*~ (water).
  2134 | D:4      | Reached XP level 7. HP: 38/43 MP: 7/7
  2158 | D:4      | Found a shimmering blue altar of Sif Muna.
  2287 | D:4      | Reached skill level 6 in Axes
  2308 | D:4      | 2308 ||| Stepping ~*~*~tactically~*~*~ (hiding).
  2309 | D:4      | 2309 ||| Stepping ~*~*~tactically~*~*~ (hiding).
  2685 | D:4      | Found a transporter.
  2774 | D:5      | Entered Level 5 of the Dungeon
  2774 | D:5      | Found Tyir's Magic Scroll Shoppe.
  2778 | D:5      | 2778 ||| BUYING scroll of brand weapon (114 gold).
  2778 | D:5      | Bought a scroll of brand weapon for 114 gold pieces
  2778 | D:5      | 2778 ||| BUYING scroll of enchant weapon (90 gold).
  2778 | D:5      | Bought a scroll of enchant weapon for 90 gold pieces
  2778 | D:5      | 2778 ||| BUYING scroll of identify (24 gold).
  2778 | D:5      | Bought a scroll of identify for 24 gold pieces
  2778 | D:5      | 2778 ||| SHOPLISTING scroll of teleportation (36 gold, have
                  | 1).
  2778 | D:5      | 2778 ||| READING scroll of brand weapon.
  2778 | D:5      | 2778 ||| BRANDING +0 war axe.
  2779 | D:5      | 2779 ||| READING scroll of enchant weapon.
  2779 | D:5      | 2779 ||| ENCHANTING +0 war axe of freezing.
  2802 | D:5      | 2802 ||| DRINKING potion of curing.
  2802 | D:5      | 2802 ||| (to cure confusion)
  2811 | D:5      | HP: 10/43 [something/magic dart (5)]
  2812 | D:5      | 2812 ||| DRINKING potion of heal wounds.
  2959 | D:5      | Found a transporter.
  2970 | D:5      | Noticed qw's ghost (amateur GrFi)
  3011 | D:5      | Found Lumaerev's Book Boutique.
  3041 | D:5      | 3041 ||| READING scroll labelled WAUTIEVE NUSAL.
  3098 | D:5      | Found a shadowy altar of Dithmenos.
  3104 | D:5      | Found a bloodstained altar of Trog.
  3107 | D:5      | Found a snail-covered altar of Cheibriados.
  3107 | D:5      | Found an ornate altar of the Wu Jian Council.
  3114 | D:5      | Found a burning altar of Makhleb.
  3164 | D:5      | Found a transporter.
  3215 | D:5      | 3215 ||| Stepping ~*~*~tactically~*~*~ (stealth).
  3292 | D:5      | Found Nuilyx Amuq's Armour Emporium.
  3320 | D:5      | 3320 ||| SHOPLISTING +1 crystal plate armour (1131 gold,
                  | have 19).
  3320 | D:5      | 3320 ||| SHOPLISTING +2 helmet (214 gold, have 19).
  3320 | D:5      | 3320 ||| SHOPLISTING +2 pair of boots (214 gold, have 19).
  3322 | D:5      | 3322 ||| Stepping ~*~*~tactically~*~*~ (hiding).
  3331 | D:5      | Reached XP level 8. HP: 22/48 MP: 8/8
  3335 | D:5      | HP: 10/48 [gnoll/+0 halberd[a gnoll sergeant] (3)]
  3336 | D:5      | 3336 ||| READING scroll of teleportation.
  3481 | D:5      | Found Laginoidd's Book Emporium.
  3613 | D:5      | 3613 ||| UPGRADING to +0 kite shield.
  3623 | D:5      | 3623 ||| DROPPING +0 buckler.
  3624 | D:5      | 3624 ||| DRINKING 2 ruby potions.
  3625 | D:5      | 3625 ||| READING 3 scrolls of identify.
  3625 | D:5      | 3625 ||| IDENTIFYING bubbling clear potion
  3626 | D:5      | 3626 ||| READING 2 scrolls of identify.
  3626 | D:5      | 3626 ||| IDENTIFYING white potion
  3627 | D:5      | 3627 ||| DROPPING potion of degeneration.
  3628 | D:5      | 3628 ||| DROPPING potion of flight.
  3629 | D:5      | 3629 ||| DROPPING potion of berserk rage.
  3655 | D:6      | 3655 ||| STAIRDANCE
  3769 | D:6      | 3769 ||| STAIRDANCE
  3947 | D:6      | Found a staircase to the Ecumenical Temple.
  3948 | D:6      | 3948 ||| PLANNING TEMPLE
  3948 | D:6      | 3948 ||| UPGRADING to ring of willpower.
  3949 | D:6      | 3949 ||| READING 2 scrolls of identify.
  3949 | D:6      | 3949 ||| IDENTIFYING red potion
  3959 | Temple   | Entered the Ecumenical Temple
  3960 | Temple   | 3960 ||| PLANNING OKAWARU WORSHIP
  4003 | Temple   | Became a worshipper of Warmaster Okawaru
  4004 | Temple   | 4004 ||| PLANNING D:1-11
  4021 | D:6      | Found a transporter.
  4021 | D:6      | Noticed qw's ghost (novice GrFi)
  4021 | D:6      | Noticed a wraith
  4051 | D:6      | Found a transporter.
  4076 | D:6      | Reached skill level 6 in Shields
  4100 | D:6      | 4100 ||| Stepping ~*~*~tactically~*~*~ (hiding).
  4102 | D:6      | 4102 ||| Stepping ~*~*~tactically~*~*~ (hiding).
  4105 | D:6      | 4105 ||| Stepping ~*~*~tactically~*~*~ (hiding).
  4187 | D:6      | 4187 ||| Stepping ~*~*~tactically~*~*~ (stealth).
  4188 | D:6      | 4188 ||| Stepping ~*~*~tactically~*~*~ (stealth).
  4427 | D:6      | 4427 ||| DROPPING amulet of faith.
  4428 | D:6      | 4428 ||| READING 2 scrolls of identify.
  4428 | D:6      | 4428 ||| IDENTIFYING bubbling silvery potion
  4429 | D:6      | 4429 ||| DROPPING potion of invisibility.
  4472 | D:7      | Reached skill level 1 in Throwing
  4481 | D:7      | Reached XP level 9. HP: 52/54 MP: 9/9
  4523 | D:7      | 4523 ||| Stepping ~*~*~tactically~*~*~ (hiding).
  4524 | D:7      | 4524 ||| Stepping ~*~*~tactically~*~*~ (hiding).
  4526 | D:7      | 4526 ||| Stepping ~*~*~tactically~*~*~ (hiding).
  4603 | D:7      | Noticed Dowan
  4603 | D:7      | Noticed Duvessa
  4604 | D:7      | 4604 ||| Stepping ~*~*~tactically~*~*~ (hiding).
  4612 | D:7      | Killed Dowan
  4618 | D:7      | HP: 11/54 [Duvessa/+0 short sword (10)]
  4619 | D:7      | 4619 ||| READING scroll of teleportation.
  4619 | D:7      | Slain by Duvessa

Levels and vault maps discovered:
D:1:      psy_arrival_terrarium, layout_basic, ebering_ecumenical_altar_mist,
          reono_crystal_passage
D:2:      cheibrodos_pilgrimage, layout_basic
D:3:      layout_rooms, portal_sewer_entry_c
D:4:      gammafunk_steamed_eel, layout_loops_ring,
          nicolae_sif_muna_condensation, serial_bayou_lagoon_a
D:5:      layout_rooms, nicolae_overflow_hallway_of_the_gods, serial_shops,
          nicolae_shop_hallway_stairs, shop, nicolae_shop_behind_doors,
          shop_statue, gammafunk_ghost_gnarly_gnolls
D:6:      layout_cave_pools, minmay_temple_entry_overgrown,
          gammafunk_ghost_arena
D:7:      layout_basic, marbit_many_paths, amcnicky_mini_corridor_feature,
          uniq_duvessa
Temple:   nicolae_temple_ecumenical_triangle

Skill      XL: |  1  2  3  4  5  6  7  8 |
---------------+-------------------------+-----
Axes           | 2 3 4 5 7 |  7.8
Dodging        | 1 |  1.9
Fighting       | 4 5 |  5.0
Armour         | 4 |  4.2
Shields        | 7 |  7.1
Throwing       | 1 |  1.4

Action                   |  1- 3 |  4- 6 |  7- 9 || total
-------------------------+-------+-------+-------++-------
Melee: War axe           |    95 |   138 |   192 ||   425
Throw: Boomerang         |     8 |    38 |    43 ||    89
  Use: Scroll            |     9 |     4 |     9 ||    22
       Potion            |       |     2 |     3 ||     5
Armor: Scale mail        |    36 |       |       ||    36
       Plate armour      |     4 |    86 |   146 ||   236
Dodge: Dodged            |    38 |    84 |    93 ||   215
Block: Buckler           |    16 |    26 |    25 ||    67
       Kite shield       |       |       |    42 ||    42

Table legend:
 A = Non-vault XP
 B = Vault XP
 C = Vault XP percentage of total XP
 D = Non-vault monster count
 E = Vault monster count
 F = Vault count percentage of total count
                 A         B        C        D         E       F
            +---------+---------+-------+---------+---------+-------
      Total |    2427 |     154 |   6.0 |     133 |       6 |   4.3
            +---------+---------+-------+---------+---------+-------
        D:1 |      68 |       0 |   0.0 |      31 |       0 |   0.0
        D:2 |      59 |      87 |  59.6 |      20 |       5 |  20.0
        D:3 |     226 |       0 |   0.0 |      22 |       0 |   0.0
        D:4 |     355 |       0 |   0.0 |      15 |       0 |   0.0
        D:5 |     547 |       0 |   0.0 |      22 |       0 |   0.0
        D:6 |     803 |       0 |   0.0 |      18 |       0 |   0.0
        D:7 |     369 |      67 |  15.4 |       5 |       1 |  16.7
            +---------+---------+-------+---------+---------+-------
